 Dungeon Crawl Stone Soup version 0.30-a0-1043-g60ff8d5f49 (webtiles) character file.

Game seed: 5886671058355582653

21 holysushi the Conjurer (level 2, -10/20 HPs)
             Began as a Draconian Conjurer on Apr 11, 2023.
             Was a Follower of Vehumet.
             Mangled by Sigmund
             ... wielding a +2 heavy scythe
              (23 damage)
             ... on level 2 of the Dungeon.
             The game lasted 00:08:47 (2981 turns).

holysushi the Conjurer (Draconian Conjurer)         Turns: 2981, Time: 00:08:48

Health: -10/20     AC:  5    Str:  9    XL:     2   Next: 65%
Magic:  6/6        EV: 12    Int: 18    God:    Vehumet [*.....]
Gold:   42         SH:  0    Dex:  9    Spells: 4/7 levels left

rFire   + . .      SeeInvis .    (no weapon)
rCold   + . .      Faith    .    (no shield)
rNeg    . . .      Spirit   .    (body armour unavailable)
rPois   +          Reflect  .    (helmet restricted)
rElec   +          Rampage  .    (no cloak)
rCorr   +                        f - +0 pair of gloves
Will    .....                    (no boots)
Stlth   ++                       (no amulet)
HPRegen 0.23/turn                (no ring)
MPRegen 0.10/turn                (no ring)

@: mighty, resistant, weak-willed, on berserk cooldown, slowed, very slow
A: AC +4, unfitting armour, cold-blooded
a: Renounce Religion


You were on level 2 of the Dungeon.
You worshipped Vehumet.
Vehumet was aware of your devotion.
You visited 1 branch of the dungeon, and saw 2 of its levels.

You collected 42 gold pieces.

Inventory:

Armour
 f - a +0 pair of gloves (worn)
Scrolls
 d - a scroll of identify
 e - 3 scrolls of enchant armour
 i - a scroll of fear {unknown}
 k - a scroll of immolation {unknown}
Potions
 a - a potion of magic
 b - a potion of might


   Skills:
 - Level 1.8 Dodging
 - Level 1.8 Stealth
 + Level 3.0 Spellcasting
 + Level 4.1 Conjurations


You had 4 spell levels left.
You knew the following spells:

 Your Spells              Type           Power      Damage    Failure   Level
a - Magic Dart            Conj           68%        1d6       3%          1
b - Searing Ray           Conj           34%        2d5       4%          2

Your spell library contained the following spells:

 Spells                   Type           Power      Damage    Failure   Level
 Foxfire                  Conj/Fire      40%        2x1d6     7%          1
 Necrotise                Necr           8%         1d4       16%         1
 Dazzling Flash           Conj/Hex       20%        N/A       22%         3
 Vampiric Draining        Necr           2%         2d6       43%         3
 Fulminant Prism          Conj/Hex       5%         3d7       56%         4
 Iskenderun's Mystic Bla  Conj/Tloc      10%        2d4       56%         4
 Agony                    Necr           2%         N/A       99%         5


Dungeon Overview and Level Annotations

Branches:
Dungeon (2/15) Zot: 8992

Altars:
Vehumet

Annotations:
D:2 Natasha, Sigmund


Innate Abilities, Weirdness & Mutations

Your plain brown scales are hard. (AC +4)
You cannot fit into any form of body armour.
You are cold-blooded and may be slowed by cold attacks.


Message History

You resist with significant effort.
It was a potion of resistance.
You feel protected.
It was a potion of berserk rage.
A red film seems to cover your vision as you go berserk!
You feel yourself moving faster!
You feel mighty!
You bump into the rock wall.
You feel a strong urge to attack something.
You bump into the rock wall.
You bump into the rock wall.
You feel your anger nearly subside. Sigmund closely misses you.
You are no longer berserk.
You are exhausted.
You feel yourself slow down.
You feel less confused. Sigmund casts a spell at you.
You resist with significant effort. Sigmund gestures at you while chanting.
You are confused.
Sigmund gestures at you while chanting. The puff of flame misses you.
You bump into the rock wall.
Sigmund hits you from afar with a +2 heavy scythe!
You bump into the rock wall.
You feel less confused.
Sigmund giggles. "Time to reap what you sow."
Sigmund barely misses you.
Okay, then.
As you read the scroll labelled LEMEFR QYSUO, it crumbles to dust.
It is a scroll of identify.
e - 3 scrolls of enchant armour Sigmund barely misses you.
As you read the scroll labelled JISAUW PAZXY, it crumbles to dust.
Magic quickly surges around you.
It was a scroll of vulnerability.
As you read the scroll labelled EZEBAINNAM, it crumbles to dust.
The scroll dissolves into smoke.
It was a scroll of fog.
Sigmund hits you from afar with a +2 heavy scythe!!
Ouch! That really hurt!
You die...

..... # #...# .# ....
.. #..##.# ....
######### #####.###
#.....§§#####.......#
#. #§§§§...###.#.# #÷
###§@#..#.# #.#.#####
. #.
#.@§###...###........
.. #.###.§##
##......#.##### .#
#.......# #....#.[..#
.# ##...#.##
##.#......# .#
#..##+# ####.....# .#
#.## ##..### .###
##..#### ####...#
.<.# #....#.##
##.#..#.#


You could see Sigmund (weak-willed).

Vanquished Creatures
  A worm (D:1)
  A dart slug (D:1)
  3 endoplasms
  3 hobgoblins
  2 kobolds (D:1)
  2 bats (D:1)
  A frilled lizard (D:2)
  A goblin (D:2)
  A rat (D:1)
  A spectral hobgoblin (D:1)
16 creatures vanquished.

Notes
Turn   | Place    | Note
-------+----------+-------------------------------------------
     0 | D:1      | holysushi the Draconian Conjurer began the quest for the
                  | Orb.
     0 | D:1      | Reached XP level 1. HP: 14/14 MP: 3/3
   734 | D:1      | Found a faded altar of an unknown god.
   887 | D:1      | Reached XP level 2. HP: 19/19 MP: 1/5
  1324 | D:1      | Prayed at the altar of an unknown god.
  1324 | D:1      | Became a worshipper of Vehumet
  1324 | D:1      | Reached * piety under Vehumet
  1324 | D:1      | Offered knowledge of Foxfire by Vehumet.
  1328 | D:1      | Learned a level 2 spell: Searing Ray
  1349 | D:2      | Noticed Sigmund
  1823 | D:1      | Found a radiant altar of Vehumet.
  2832 | D:2      | Noticed Natasha
  2981 | D:2      | Mangled by Sigmund

Illustrated notes

Levels and vault maps discovered:
D:1:      lightli_molten_gateway, layout_loops_corners,
          dreamdust_ecumenical_altar_drowned_temple, roderic_lattice_a
D:2:      layout_loops_corners, minmay_fractal_squares_gapless_5, uniq_natasha,
          uniq_sigmund

Skill      XL: |  1  2 |
---------------+-------+-----
Spellcasting   | 3 |  3.0
Dodging        | |  1.8
Stealth        | |  1.8
Conjurations   | |  4.1

Action                     || total
---------------------------++-------
  Melee: Unarmed           ||    16
         Tailslap          ||     2
   Cast: Magic Dart        ||    37
         Searing Ray       ||     6
    Use: Scroll            ||     3
         Potion            ||     3
 Armour: Skin              ||     5
  Dodge: Dodged            ||    17

Table legend: (Time is in decaauts)
 A = Elapsed time spent in this place.
 B = Non-inter-level travel time spent in this place.
 C = Inter-level travel time spent in this place.
 D = Time resting spent in this place.
 E = Time spent auto-exploring this place.
 F = Levels seen in this place.
 G = Mean time per level.
                   A        B        C        D        E       F      G
               +--------+--------+--------+--------+--------+-----+--------+
         Total |   3006 |   2827 |    179 |    393 |   1892 |   2 | 1503.0 |
       Dungeon |   3006 |   2827 |    179 |    393 |   1892 |   2 | 1503.0 |
               +--------+--------+--------+--------+--------+-----+--------+

Top non-repeatable levels by time:
     D:1: 2660 daAuts
     D:2: 346 daAuts
